 Dungeon Crawl Stone Soup version 0.29.0-4-gdea44cf6ec (webtiles) character file.

Game seed: 12402018405131841014

1335 qw the Cleaver (level 8, -5/48 HPs)
             Began as a Tengu Warper on Aug 28, 2022.
             Killed from afar by Dowan (30 damage)
             ... with a shard of ice
             ... on level 6 of the Dungeon.
             The game lasted 00:00:34 (5408 turns).

qw the Cleaver (Tengu Warper)                       Turns: 5408, Time: 00:00:35

Health: -5/48      AC: 12    Str: 20    XL:     8   Next: 61%
Magic:  12/12      EV: 10    Int: 14    God:
Gold:   144        SH:  5    Dex: 19    Spells: 11/11 levels left

rFire   . . .      SeeInvis .   h - +0 war axe
rCold   . . .      Faith    .   g - +0 buckler
rNeg    . . .      Spirit   .   l - +0 chain mail
rPois   .          Reflect  .   d - +2 hat of Philately {rCorr}
rElec   .          Harm     .   (no cloak)
rCorr   +          Rampage  .   c - +0 pair of gloves
Will    .....                   (boots unavailable)
Stlth   ..........              k - amulet of regeneration
HPRegen 0.96/turn               a - +6 ring of dexterity
MPRegen 0.13/turn               b - +6 ring of strength

@: flying quickly and evasively, quick
A: beak, talons 3, nimble flight
a: no special abilities


You were on level 6 of the Dungeon.
You visited 1 branch of the dungeon, and saw 6 of its levels.
You also visited: Sewer.

You collected 168 gold pieces.
You spent 24 gold pieces at shops.


Innate Abilities, Weirdness & Mutations

You have a beak for a mouth.
You have claws for feet.
Your magical nature lets you fly swiftly and evasively.


   Skills:
 - Level 4.5 Fighting
 + Level 8.5 Axes
 - Level 2.8 Throwing
 - Level 3.6 Armour
 - Level 3.1 Dodging
 - Level 2.3 Shields
 - Level 2.0 Spellcasting
 - Level 2.4 Translocations


You had 11 spell levels left.
You didn't know any spells.
Your spell library contained the following spells:

 Spells                   Type           Power      Damage    Failure   Level
 Blink                    Tloc           16%        N/A       88%         2
 Gell's Gravitas          Tloc           8%         N/A       98%         3
 Lesser Beckoning         Tloc           8%         N/A       98%         3
 Teleport Other           Tloc           8%         N/A       98%         3
 Manifold Assault         Tloc           8%         N/A       100%        5

Inventory:

Hand Weapons
 h - a +0 war axe (weapon)
 u - a +0 flail
Missiles
 q - 4 javelins
 w - a silver javelin (quivered)
Armour
 c - a +0 pair of gloves (worn)
 d - the +2 hat of Philately (worn) {rCorr}
   (You acquired it on level 5 of the Dungeon)

   rCorr:     It protects you from acid and corrosion.
 g - a +0 buckler (worn)
 l - a +0 chain mail (worn)
Jewellery
 a - a +6 ring of dexterity (left hand)
 b - a +6 ring of strength (right hand)
 k - an amulet of regeneration (around neck)
Scrolls
 i - a scroll of identify
 t - 3 scrolls of teleportation
Potions
 e - a potion of might
 f - a potion of cancellation {unknown}
 j - 2 potions of curing
 m - a potion of haste
 n - 2 potions of invisibility {unknown}
 p - 4 potions of resistance
 r - a potion of mutation
 s - 3 potions of heal wounds

Dungeon Overview and Level Annotations

Branches:
Dungeon (6/15)              Sewer (visited)
 Temple: D:4-7

Altars:
Elyvilon
Kikubaaqudgha
Makhleb
Nemelex Xobeh
Vehumet

Shops:
D:1 ?

Annotations:
D:6 Dowan


Message History

Dowan is severely wounded.
Dowan casts a spell.
Dowan blinks!
5398 ||| FLEEEEING.
An orc warrior comes into view. It is wielding a +0 war axe.
5399 ||| Stepping ~*~*~tactically~*~*~ (stealth).
The orc warrior shouts!
You hear a shout!
An orc wizard comes into view. It is wielding a +0 dagger.
Duvessa, Sister of Dowan comes into view.
She is wielding a +0 short sword and carrying a wand of quicksilver (5).
You hit Duvessa but do no damage. You claw Duvessa, but do no damage.
Duvessa zaps a wand.
The bolt of dispelling energy hits you!
You hit Duvessa. You claw Duvessa! You peck Duvessa, but do no damage.
Duvessa is heavily wounded.
Duvessa zaps a wand.
The bolt of dispelling energy hits you!
Dowan points at you and mumbles some strange words.
The puff of flame hits you but does no damage.
You hit Duvessa. You claw Duvessa, but do no damage. You peck Duvessa.
Duvessa is severely wounded.
Dowan mumbles some strange words.
Dowan blinks!
Duvessa closely misses you.
You slash Duvessa! Your kick misses Duvessa. Your peck misses Duvessa.
Duvessa is almost dead.
You hit the orc warrior but do no damage.
The orc warrior hits you with a +0 war axe.
Duvessa closely misses you.
You closely miss Duvessa. Your kick misses Duvessa.
Duvessa is almost dead.
You hit the orc warrior. You block the orc warrior's attack.
A phantom comes into view.
Duvessa barely misses you.
You slash Duvessa!
You kill Duvessa!
Dowan's eyes darken. "You have made a black mistake."
Dowan seems to find hidden reserves of power!
You hit the orc warrior but do no damage.
Dowan points at you and mumbles some strange words.
The shard of ice hits you!!
Ouch! That really hurt!
You die...

###. ... #.#####..
#.##..<.. #.##.##..
##################.#...#..
..........o..........#....
.#####.##o##.....#.#...##.
#. #@##.....o......#. #.
#)##...)[......... #.
#e##.....#.##....# .e
.......###.###.#.# ..
#.####># #.# #.#.# #. #.#
#.# #.. #.#.# ... #.# ##.
#.#.# .W# #.. .##.#.# ##
.##.#..


You could see an orc warrior, a phantom, Dowan (fast) and an orc wizard.

Vanquished Creatures
  Grinder (D:4)
  A black bear (D:5)
  Duvessa (D:6)
  3 ogres (D:5)
  3 kobold brigands (Sewer)
  2 scorpions
  A howler monkey (D:5)
  A jelly (D:5)
  A hound (D:5)
  An orc priest (D:5)
  An iguana (D:4)
  4 orc wizards
  4 gnolls (D:4)
  6 adders
  An ufetubus (D:5)
  A worm (D:5)
  A dart slug (D:1)
  13 orcs
  10 ball pythons
  4 bats
  6 endoplasms
  7 giant cockroaches
  2 goblins
  5 hobgoblins
  4 jackals (D:3)
  3 quokkas
  7 frilled lizards
  20 kobolds
  16 rats
130 creatures vanquished.

Vanquished Creatures (others)
  2 fungi (Sewer)
  3 plants (Sewer)
  4 toadstools (D:1)
9 creatures vanquished.

Grand Total: 139 creatures vanquished

Notes
Turn   | Place    | Note
-------+----------+-------------------------------------------
     0 | D:1      | qw the Tengu Warper began the quest for the Orb.
     0 | D:1      | Reached XP level 1. HP: 12/12 MP: 4/4
     0 | D:1      | 0 ||| qw: Version: 0.1-a-89-g26bdef1
     0 | D:1      | 0 ||| qw: Game counter: 2672
     0 | D:1      | 0 ||| qw: Always use a shield: true
     0 | D:1      | 0 ||| qw: God list: Okawaru
     0 | D:1      | 0 ||| qw: Allow faded altars: false
     0 | D:1      | 0 ||| qw: Do Orc after D:15 true
     0 | D:1      | 0 ||| qw: Do second Lair branch before Depths: true
     0 | D:1      | 0 ||| qw: Lair rune preference: random
     0 | D:1      | 0 ||| qw: Plans: Normal
     0 | D:1      | 0 ||| PLANNING D:1-11
   175 | D:1      | Reached XP level 2. HP: 17/17 MP: 6/6
   192 | D:1      | Reached skill level 3 in Axes
   342 | D:1      | 342 ||| DROPPING +0 club.
   430 | D:1      | Found Enie's Magic Scroll Shoppe.
   437 | D:1      | 437 ||| SHOPLISTING scroll of acquirement (624 gold, have
                  | 38).
   437 | D:1      | 437 ||| SHOPLISTING scroll of enchant armour (90 gold, have
                  | 38).
   437 | D:1      | 437 ||| BUYING scroll of identify (24 gold).
   437 | D:1      | Bought a scroll of identify for 24 gold pieces
   437 | D:1      | 437 ||| SHOPLISTING scroll of identify (24 gold, have 14).
   788 | D:1      | 788 ||| Stepping ~*~*~tactically~*~*~ (hiding).
   985 | D:1      | Reached XP level 3. HP: 21/21 MP: 7/7
   986 | D:1      | 986 ||| UPGRADING to +0 scale mail.
   996 | D:1      | 996 ||| DROPPING +0 leather armour.
   997 | D:1      | 997 ||| UPGRADING to +0 buckler.
  1002 | D:1      | 1002 ||| UPGRADING to amulet of regeneration.
  1007 | D:1      | 1007 ||| READING scroll labelled DAYFEI ONUKH.
  1008 | D:1      | 1008 ||| READING scroll labelled ECAMAE GAOKK.
  1009 | D:1      | 1009 ||| READING scroll labelled GAMERR WUF ZONK.
  1010 | D:1      | 1010 ||| DRINKING 2 fuming orange potions.
  1011 | D:1      | 1011 ||| DRINKING 2 smoky sapphire potions.
  1012 | D:1      | 1012 ||| READING 3 scrolls of identify.
  1012 | D:1      | 1012 ||| IDENTIFYING glowing blue potion
  1013 | D:1      | 1013 ||| READING 2 scrolls of identify.
  1013 | D:1      | 1013 ||| IDENTIFYING bubbling green potion
  1014 | D:1      | 1014 ||| DROPPING scroll of blinking.
  1015 | D:1      | 1015 ||| DROPPING potion of magic.
  1016 | D:1      | 1016 ||| Stepping randomly (stuck).
  1017 | D:1      | 1017 ||| Stepping ~*~*~tactically~*~*~ (cloud).
  1276 | D:2      | 1276 ||| FLEEEEING.
  1277 | D:2      | 1277 ||| FLEEEEING.
  1282 | D:2      | Reached skill level 1 in Shields
  1624 | D:2      | 1624 ||| Stepping ~*~*~tactically~*~*~ (stealth).
  1625 | D:2      | 1625 ||| Stepping ~*~*~tactically~*~*~ (stealth).
  1785 | D:2      | 1785 ||| Stepping ~*~*~tactically~*~*~ (stealth).
  1791 | D:2      | Reached skill level 4 in Axes
  2039 | D:2      | 2039 ||| DROPPING amulet of faith.
  2040 | D:2      | 2040 ||| UPGRADING to +6 ring of dexterity.
  2041 | D:2      | 2041 ||| UPGRADING to +6 ring of strength.
  2042 | D:2      | 2042 ||| READING scroll labelled ZEQENK ASOS.
  2043 | D:2      | 2043 ||| READING 2 scrolls labelled MUINNO SIDOE.
  2057 | D:3      | 2057 ||| PLANNING SEWER
  2123 | D:3      | 2123 ||| Stepping ~*~*~tactically~*~*~ (stealth).
  2130 | D:3      | 2130 ||| Stepping ~*~*~tactically~*~*~ (stealth).
  2138 | D:3      | Reached XP level 4. HP: 26/26 MP: 8/8
  2306 | D:3      | Found a glowing drain.
  2316 | D:3      | 2316 ||| READING scroll labelled KEPNEF ODAULI.
  2324 | Sewer    | Entered a sewer
  2406 | Sewer    | Noticed a kobold brigand
  2406 | Sewer    | Noticed a kobold brigand
  2412 | Sewer    | Killed a kobold brigand
  2413 | Sewer    | Reached skill level 5 in Axes
  2413 | Sewer    | Gained mutation: Your magical nature lets you fly swiftly
                  | and evasively. [Tengu growth]
  2413 | Sewer    | Reached XP level 5. HP: 16/30 MP: 9/9
  2418 | Sewer    | HP: 7/30 [kobold brigand/+0 dagger (6)]
  2419 | Sewer    | 2419 ||| READING 2 scrolls of teleportation.
  2421 | Sewer    | Killed a kobold brigand
  2422 | Sewer    | Reached skill level 6 in Axes
  2521 | Sewer    | 2521 ||| DROPPING +0 mace.
  2562 | Sewer    | Reached XP level 6. HP: 35/35 MP: 10/10
  2604 | Sewer    | HP: 8/35 [kobold brigand/+0 short sword (2)]
  2605 | Sewer    | 2605 ||| READING scroll of teleportation.
  2649 | Sewer    | Reached skill level 7 in Axes
  2679 | Sewer    | 2679 ||| READING scroll labelled MYOFO IMUZU.
  2680 | Sewer    | 2680 ||| DRINKING 4 red potions.
  2681 | Sewer    | 2681 ||| READING 2 scrolls of identify.
  2681 | Sewer    | 2681 ||| IDENTIFYING fizzy cyan potion
  2682 | Sewer    | 2682 ||| DROPPING potion of degeneration.
  2687 | D:3      | 2687 ||| PLANNING D:1-11
  2870 | D:3      | Found a radiant altar of Vehumet.
  2873 | D:3      | Found an ancient bone altar of Kikubaaqudgha.
  2873 | D:3      | Found a sparkling altar of Nemelex Xobeh.
  3052 | D:3      | Found a burning altar of Makhleb.
  3332 | D:3      | 3332 ||| UPGRADING to +0 pair of gloves.
  3337 | D:3      | 3337 ||| READING scroll labelled ISOIPUKAORY.
  3338 | D:3      | 3338 ||| READING 2 scrolls of identify.
  3338 | D:3      | 3338 ||| IDENTIFYING blue potion
  3369 | D:4      | 3369 ||| STAIRDANCE
  3547 | D:4      | Found a white marble altar of Elyvilon.
  3618 | D:4      | Reached skill level 3 in Dodging
  3648 | D:4      | 3648 ||| DROPPING +2 whip of electrocution.
  3749 | D:4      | Noticed Grinder
  3757 | D:4      | Paralysed by Grinder for 2 turns
  3762 | D:4      | Paralysed by Grinder for 2 turns
  3768 | D:4      | Killed Grinder
  3769 | D:4      | Reached XP level 7. HP: 21/44 MP: 11/11
  4177 | D:4      | 4177 ||| DROPPING +2 leather armour of fire resistance.
  4178 | D:4      | 4178 ||| UPGRADING to +0 chain mail.
  4188 | D:4      | 4188 ||| DROPPING +0 scale mail.
  4189 | D:4      | 4189 ||| READING 2 scrolls labelled SOUGUM DUZUONN.
  4290 | D:4      | 4290 ||| READING 2 scrolls of identify.
  4290 | D:4      | 4290 ||| IDENTIFYING dark potion
  4291 | D:4      | 4291 ||| DROPPING scroll of silence.
  4312 | D:5      | Entered Level 5 of the Dungeon
  4314 | D:5      | 4314 ||| STAIRDANCE
  4339 | D:5      | 4339 ||| STAIRDANCE
  4508 | D:5      | Reached XP level 8. HP: 37/48 MP: 12/12
  4622 | D:5      | 4622 ||| Stepping ~*~*~tactically~*~*~ (stealth).
  4624 | D:5      | 4624 ||| Stepping ~*~*~tactically~*~*~ (stealth).
  4778 | D:5      | Reached skill level 8 in Axes
  4837 | D:5      | 4837 ||| FLEEEEING.
  4838 | D:5      | 4838 ||| FLEEEEING.
  4839 | D:5      | 4839 ||| FLEEEEING.
  4840 | D:5      | 4840 ||| FLEEEEING.
  4841 | D:5      | 4841 ||| FLEEEEING.
  4842 | D:5      | 4842 ||| FLEEEEING.
  4843 | D:5      | 4843 ||| FLEEEEING.
  4975 | D:5      | Reached skill level 3 in Armour
  5020 | D:5      | 5020 ||| Stepping ~*~*~tactically~*~*~ (stealth).
  5062 | D:5      | 5062 ||| Stepping ~*~*~tactically~*~*~ (hiding).
  5078 | D:5      | 5078 ||| SWAPPING to +1 hand axe of electrocution.
  5079 | D:5      | 5079 ||| DROPPING +1 hand axe.
  5145 | D:5      | 5145 ||| Stepping ~*~*~tactically~*~*~ (stealth).
  5147 | D:5      | 5147 ||| Stepping ~*~*~tactically~*~*~ (hiding).
  5284 | D:5      | 5284 ||| READING scroll labelled VOANTE WIEWO.
  5284 | D:5      | Identified a scroll of acquirement
  5284 | D:5      | 5284 ||| ACQUIRING +2 hat of Philately {rCorr}
  5284 | D:5      | Acquired the +2 hat of Philately {rCorr}
  5286 | D:5      | 5286 ||| UPGRADING to +2 hat of Philately {rCorr}.
  5291 | D:5      | 5291 ||| READING scroll labelled YMNAPT BOIRIFA.
  5292 | D:5      | 5292 ||| READING scroll labelled FOJUMO CELUYC.
  5375 | D:6      | 5375 ||| SWAPPING to +0 war axe.
  5376 | D:6      | 5376 ||| DROPPING +1 hand axe of protection.
  5387 | D:6      | Noticed Dowan
  5388 | D:6      | 5388 ||| Stepping ~*~*~tactically~*~*~ (hiding).
  5398 | D:6      | 5398 ||| FLEEEEING.
  5399 | D:6      | 5399 ||| Stepping ~*~*~tactically~*~*~ (stealth).
  5400 | D:6      | Noticed Duvessa
  5408 | D:6      | Killed Duvessa
  5408 | D:6      | Killed from afar by Dowan

Levels and vault maps discovered:
D:1:      ldierk_walled_garden_2, layout_loops_corners, serial_shops,
          shop_statue
D:2:      layout_loops_corners
D:3:      layout_loops_corners, nicolae_overflow_quartered_altars,
          portal_sewer_entry_c, kennysheep_generic_room_6
D:4:      layout_gridville, mainiacjoe_overflow_concentric_impassable,
          uniq_grinder
D:5:      layout_loops_corners, roderic_cross_of_infinity
D:6:      layout_loops_ring, uniq_duvessa, uniq_maggie

Skill      XL: |  1  2  3  4  5  6  7  8 |
---------------+-------------------------+-----
Axes           | 3 4 5 6 7 8 |  8.5
Shields        | 1 2 |  2.3
Dodging        | 3 |  3.1
Fighting       | 4 |  4.5
Armour         | 2 3 |  3.6
Throwing       | 2 |  2.8
Spellcasting   | |  2.0
Translocations | |  2.4

Action                   |  1- 3 |  4- 6 |  7- 9 || total
-------------------------+-------+-------+-------++-------
Melee: Hand axe          |    59 |    95 |    74 ||   228
       Kick              |    12 |    25 |    28 ||    65
       Peck              |     5 |    13 |    16 ||    34
       War axe           |       |       |     9 ||     9
Throw: Boomerang         |     7 |       |       ||     7
       Javelin           |    37 |    42 |    23 ||   102
  Use: Scroll            |     7 |     7 |     5 ||    19
       Potion            |     2 |     1 |       ||     3
Armor: Scale mail        |    12 |    29 |     1 ||    42
       Chain mail        |       |       |    11 ||    11
Dodge: Dodged            |    19 |    35 |    21 ||    75
Block: Buckler           |     9 |    12 |    12 ||    33

Table legend:
 A = Non-vault XP
 B = Vault XP
 C = Vault XP percentage of total XP
 D = Non-vault monster count
 E = Vault monster count
 F = Vault count percentage of total count
                 A         B        C        D         E       F
            +---------+---------+-------+---------+---------+-------
      Total |    1297 |     744 |  36.5 |     100 |      30 |  23.1
            +---------+---------+-------+---------+---------+-------
        D:1 |      34 |       0 |   0.0 |      20 |       0 |   0.0
        D:2 |      38 |       0 |   0.0 |      16 |       0 |   0.0
        D:3 |      42 |      21 |  33.3 |      19 |       7 |  26.9
        D:4 |     281 |     281 |  50.0 |      19 |       1 |   5.0
        D:5 |     902 |       0 |   0.0 |      26 |       0 |   0.0
        D:6 |       0 |     133 | 100.0 |       0 |       1 | 100.0
      Sewer |       0 |     309 | 100.0 |       0 |      21 | 100.0
            +---------+---------+-------+---------+---------+-------
